 Dungeon Crawl Stone Soup version 0.25-a0-340-ga1faa1601d (webtiles) character file.

Game seed: 8976295286377951022, levelgen mode: deterministic

6289 sankara the Covert (level 10, -3/80 HPs)
             Began as a Vampire Necromancer on Dec 29, 2019.
             Was a Priest of Kikubaaqudgha.
             Killed from afar by an electric eel (11 damage)
             ... with a bolt of electricity
             ... on level 9 of the Dungeon.
             The game lasted 01:12:17 (9716 turns).

sankara the Covert (Vampire Necromancer)            Turns: 9716, Time: 01:12:17

Health: -3/80      AC:  9    Str:  7    XL:     10   Next: 63%
Magic:  11/17      EV: 28    Int: 28    God:    Kikubaaqudgha [***...]
Gold:   114        SH:  5    Dex: 15    Spells: 4/18 levels left

rFire    . . .     SeeInvis +   m - +2 short sword (freeze)
rCold    . . .     Gourm    .   v - +0 buckler of Buratz {MR+ Int+7} (curse)
rNeg     . . .     Faith    .   C - +0 troll leather armour {regen}
rPois    .         Spirit   .   L - +0 helmet
rElec    .         Reflect  .   y - +0 cloak
rCorr    .         Harm     .   O - +0 pair of gloves
MR       ++...                  (no boots)
Stlth    +++++.....             p - amulet of the acrobat
HPRegen  0.83/turn              q - +2 ring of protection
MPRegen  0.15/turn              (no ring)

@: acrobat, regenerating quickly
A: no food, fangs 3, see invisible, unbreathing
a: Exsanguinate, Receive Corpses, Renounce Religion


You were on level 9 of the Dungeon.
You worshipped Kikubaaqudgha.
Kikubaaqudgha was most pleased with you.
You were alive.

You visited 2 branches of the dungeon, and saw 10 of its levels.
You also visited: Ossuary.

You collected 477 gold pieces.
You spent 363 gold pieces at shops.

Inventory:

Hand Weapons
 g - a +0 dagger
   (You took it off a kobold on level 1 of the Dungeon)
 m - a +2 short sword of freezing (weapon)
   (You took it off a kobold on level 1 of the Dungeon)
 u - a +1 dagger of speed
   (You took it off an orc on level 4 of the Dungeon)
 x - a +0 long sword
   (You found it on level 4 of the Dungeon)
 Q - a cursed +1 falchion
   (You took it off a wight on level 9 of the Dungeon)
 R - a +0 whip of electrocution
   (You took it off Pikel on level 9 of the Dungeon)
Missiles
 d - 24 poisoned darts
 f - 7 boomerangs (quivered)
 i - 9 javelins
 B - 5 atropa-tipped darts
 P - 8 silver boomerangs
Armour
 a - a +0 robe
 s - a cursed +0 ring mail
   (You found it on level 3 of the Dungeon)
 v - the cursed +0 buckler of Buratz (worn) {MR+ Int+7}
   (You found it on level 4 of the Dungeon)

   It affects your intelligence (+7).
   It affects your resistance to hostile enchantments.
   It has a curse placed upon it.
 y - a +0 cloak (worn)
   (You found it on level 4 of the Dungeon)
 C - a +0 troll leather armour (worn) {regen}
   (You found it on level 9 of the Dungeon)
 L - a +0 helmet (worn)
   (You found it on level 7 of the Dungeon)
 O - a +0 pair of gloves (worn)
   (You found it on level 8 of the Dungeon)
Jewellery
 p - an amulet of the acrobat (around neck)
   (You found it on level 2 of the Dungeon)
 q - a +2 ring of protection (left hand)
   (You found it on level 2 of the Dungeon)
 r - an uncursed amulet of guardian spirit {Spirit}
   (You found it on level 2 of the Dungeon)
 S - an uncursed amulet of magic regeneration
   (You found it on level 9 of the Dungeon)
Scrolls
 b - 6 scrolls of remove curse
 c - 2 scrolls of fog
 e - 3 scrolls of enchant weapon
 h - 6 scrolls of blinking {!r}
 k - 6 scrolls of random uselessness {unknown}
 l - 3 scrolls of amnesia {unknown}
 A - 3 scrolls of magic mapping {unknown}
 E - 3 scrolls of immolation {unknown}
 H - 5 scrolls of teleportation
 K - a scroll of acquirement
Potions
 j - 8 potions of curing
 n - a potion of lignification {!q}
 t - a potion of cancellation
 w - 6 potions of flight
 z - 3 potions of berserk rage {!q}
 D - a potion of brilliance
 F - 2 potions of haste
 G - a potion of resistance
 I - 2 potions of heal wounds
 J - a potion of mutation {!q}
 M - 3 potions of might
 N - a potion of ambrosia


   Skills:
 - Level 8.0 Fighting
 - Level 3.0 Short Blades
 + Level 4.2 Dodging
 + Level 12.2 Stealth
 - Level 4.0 Shields
 * Level 4.9 Spellcasting
 - Level 3.0 Charms
 + Level 8.9 Necromancy


You had 4 spell levels left.
You knew the following spells:

 Your Spells              Type           Power        Failure   Level  Hunger
a - Pain                  Necr           ####         1%          1    N/A
b - Animate Skeleton      Necr           N/A          1%          1    N/A
c - Vampiric Draining     Necr           ######....   1%          3    N/A
d - Animate Dead          Necr           N/A          2%          4    N/A
e - Regeneration          Chrm/Necr      #####.....   2%          3    N/A
f - Sublimation of Blood  Necr           ######....   1%          2    N/A

Your spell library contained the following spells:

 Spells                   Type           Power        Failure   Level  Hunger
 Corpse Rot               Necr/Air       N/A          2%          2    N/A
 Agony                    Necr           ######..     8%          5    N/A
 Dispel Undead            Necr           ######..     8%          5    N/A
 Excruciating Wounds      Chrm/Necr      #####.....   24%         5    N/A
 Death Channel            Necr           ######....   38%         6    N/A

Dungeon Overview and Level Annotations

Branches:
Dungeon (9/15)             Temple (1/1) D:5            Lair (0/6) D:9
    Orc (0/2) D:9         Ossuary (visited)

Altars:
Ashenzari
Cheibriados
Dithmenos
Elyvilon
Fedhas
Gozag
Hepliaklqana
Kikubaaqudgha
Makhleb
Nemelex Xobeh
Okawaru
Qazlal
Ru
Sif Muna
Trog
Uskayaw
Vehumet
Wu Jian
Xom
Yredelemnul
Zin
The Shining One

Shops:
D:7 ?


Innate Abilities, Weirdness & Mutations

You do not eat.
Your natural rate of healing is unusually fast.
You have razor-sharp teeth.
You have supernaturally acute eyesight. (SInv)
You can survive without breathing.


Message History

Your skin crawls.
You start resting.
Your skin is crawling a little less now.
Your skin stops crawling.
Casting: Regeneration (safe; 2% risk of failure)
Confirm with . or Enter, or press ? or * to list all spells.
Your skin crawls.
You start resting.
Your skin is crawling a little less now.
Your skin stops crawling.
Casting: Regeneration (safe; 2% risk of failure)
Confirm with . or Enter, or press ? or * to list all spells.
Your skin crawls.
You start resting.
HP restored.
Your skin is crawling a little less now.
Your skin stops crawling.
Casting: Regeneration (safe; 2% risk of failure)
Confirm with . or Enter, or press ? or * to list all spells.
Your skin crawls.
You open the door.
There is an open door here.
The electric eel shoots out a bolt of lightning at you!
The bolt of electricity misses you.
The electric eel shoots out a bolt of lightning at you!
The bolt of electricity hits the electric eel.
The electric eel completely resists.
The bolt of electricity hits you!
The bolt of electricity hits the plant.
You hit the electric eel.
The electric eel seems to slow down.
You freeze the electric eel.
The electric eel is moderately wounded.
The electric eel shoots out a bolt of lightning at you!
The bolt of electricity hits the electric eel.
The electric eel completely resists.
The bolt of electricity hits you.
The bolt of electricity hits the plant!
Casting: Regeneration (safe; 2% risk of failure)
Confirm with . or Enter, or press ? or * to list all spells.
Aiming: Pain (safe; 1% risk of failure)
Press: ? - help, Shift-Dir - straight line, f - electric eel
Aim: an electric eel (moderately wounded, slow, chance to defeat MR: 89%)
The electric eel barely resists.
The electric eel shoots out a bolt of lightning at you!
The bolt of electricity hits you.
Casting: Pain (safe; 1% risk of failure)
Confirm with . or Enter, or press ? or * to list all spells.
Aiming: Pain (safe; 1% risk of failure)
Press: ? - help, Shift-Dir - straight line, f/p - electric eel
Aim: an electric eel (moderately wounded, slow, chance to defeat MR: 89%)
The electric eel barely resists.
The electric eel shoots out a bolt of lightning at you!
The bolt of electricity hits the electric eel.
The electric eel completely resists.
The bolt of electricity hits you!
Casting: Pain (safe; 1% risk of failure)
Confirm with . or Enter, or press ? or * to list all spells.
Aiming: Pain (safe; 1% risk of failure)
Press: ? - help, Shift-Dir - straight line, f/p - electric eel
Aim: an electric eel (moderately wounded, slow, chance to defeat MR: 89%)
The electric eel writhes in agony!
Your skin is crawling a little less now.
The electric eel shoots out a bolt of lightning at you!
The bolt of electricity hits the electric eel.
The electric eel completely resists.
The bolt of electricity hits you!
Casting: Pain (safe; 1% risk of failure)
Confirm with . or Enter, or press ? or * to list all spells.
Aiming: Pain (safe; 1% risk of failure)
Press: ? - help, Shift-Dir - straight line, f/p - electric eel
Aim: an electric eel (almost dead, slow, chance to defeat MR: 89%)
The electric eel writhes in agony.
The electric eel shoots out a bolt of lightning at you!
The bolt of electricity hits you!
The electric eel shoots out a bolt of lightning at you!
The bolt of electricity hits the electric eel.
The electric eel completely resists.
The bolt of electricity hits you!
* * * LOW HITPOINT WARNING * * *
Casting: Pain (safe; 1% risk of failure)
Confirm with . or Enter, or press ? or * to list all spells.
Aiming: Pain (safe; 1% risk of failure)
Press: ? - help, Shift-Dir - straight line, f/p - electric eel
Aim: an electric eel (almost dead, slow, chance to defeat MR: 89%)
The electric eel writhes in agony.
You kill the electric eel!
Kikubaaqudgha accepts your kill.
You hear a splash.
The electric eel shoots out a bolt of lightning at you!
The bolt of electricity misses you.
The electric eel shoots out a bolt of lightning at you!
The bolt of electricity misses you.
The electric eel shoots out a bolt of lightning at you!
The bolt of electricity misses you.
Your skin stops crawling.
The electric eel shoots out a bolt of lightning at you!
The bolt of electricity hits the plant.
The bolt of electricity hits you!
* * * LOW HITPOINT WARNING * * *
The electric eel shoots out a bolt of lightning at you!
The bolt of electricity hits the plant.
The bolt of electricity hits you!
* * * LOW HITPOINT WARNING * * *
There is an open door here.
The electric eel shoots out a bolt of lightning at you!
The bolt of electricity hits the plant!
The bolt of electricity hits you!
You die...
Kikubaaqudgha rasps: "You have failed me!
Welcome... death!"

.# #.######...#.# #.#
#.##.# .# #.#
####.##>######.###.##.#
.# #.#
#....##................
.#####.#
#.#############.##.##.#
).)))..# #.# #.##.##.#
######## #.# #.##.##.# #
######## ######.#...#.#
#
##≈≈≈..###............#
#
##.####@≈≈######.#...###
#.##..'##≈≈...##.##.##
#.#.....#####..#.##.#
#.#.....# ##....#
#≈#≈P.PP# #..#######
#≈#(.≈≈.#.....#.........
#≈#?.†?.#P....#.########
#≈#≈≈≈;≈#$P≈P≈#.##.#####
#)##≈≈≈##$(.(.#.[.......


You could see an electric eel.

Vanquished Creatures
  Pikel (D:9)
  A troll (D:9)
  A hornet (D:9)
  A hippogriff (D:9)
  4 yaks (D:9)
  2 hungry ghosts
  A two-headed ogre zombie (D:9)
  2 porcupines (D:9)
  2 orc warriors (D:9)
  2 ice beasts (D:6)
  A black bear (D:9)
  A phantom (D:9)
  4 centaurs
  5 ogres
  3 crocodiles (D:9)
  5 bullfrogs
  3 elf skeletons (D:5)
  A scorpion (D:8)
  9 wights (D:9)
  2 electric eels (D:9)
  2 bullfrog zombies
  A centaur zombie (D:5)
  2 howler monkeys
  6 crimson imps
  6 hounds
  A human zombie (Ossuary)
  An orc priest (D:9)
  A bullfrog skeleton (D:6)
  2 orc wizards
  2 jellies (D:8)
  A human skeleton (D:5)
  2 iguanas
  4 worker ants
  5 ogre zombies (D:9)
  5 mummies (Ossuary)
  A hound skeleton (D:4)
  A worker ant zombie (D:8)
  4 gnolls (D:6)
  7 adders
  2 shadow imps
  An ooze (D:1)
  2 adder skeletons (D:4)
  An adder zombie (D:8)
  2 worms
  5 dart slugs
  3 leopard geckos
  20 orcs
  A ball python (D:3)
  10 bats
  5 giant cockroaches
  A gnoll zombie (Ossuary)
  11 goblins
  12 hobgoblins
  2 jackals (D:2)
  7 kobolds
  4 quokkas
  5 frilled lizards
  A goblin skeleton (D:9)
  3 goblin zombies
  3 hobgoblin zombies (D:9)
  A jackal skeleton (D:5)
  4 kobold zombies (Ossuary)
  An orc skeleton (D:9)
  6 orc zombies
  A quokka skeleton (D:4)
  7 rats
226 creatures vanquished.

Vanquished Creatures (collateral kills)
  A basilisk (D:9)
  A phantom (D:9)
  A bullfrog (D:6)
  An elf skeleton (D:5)
  A scorpion (D:9)
  A water moccasin skeleton (D:8)
  A howler monkey (D:9)
  A bullfrog zombie (D:9)
  A centaur zombie (D:6)
  A human zombie (D:5)
  2 iguanas
  An ogre zombie (D:9)
  2 gnolls (D:6)
  An adder (D:2)
  2 worms (D:3)
  An orc (D:9)
  A hobgoblin (D:1)
  A quokka (D:2)
  A frilled lizard (D:3)
  A hobgoblin skeleton (D:9)
  2 hobgoblin zombies (D:9)
  A kobold (D:2)
  3 orc skeletons (D:9)
  5 orc zombies (D:9)
34 creatures vanquished.

Vanquished Creatures (others)
  4 slaves (D:9)
  An ogre (D:9)
  A goblin zombie (D:9)
  3 bushes (D:9)
  2 fungi (D:9)
  23 plants (D:9)
34 creatures vanquished.

Grand Total: 294 creatures vanquished

Notes
Turn   | Place    | Note
-------+----------+-------------------------------------------
     0 | D:1      | sankara the Vampire Necromancer began the quest for the
                  | Orb.
     0 | D:1      | Reached XP level 1. HP: 13/13 MP: 3/3
    51 | D:1      | Learned a level 1 spell: Animate Skeleton
   403 | D:1      | Reached XP level 2. HP: 10/19 MP: 0/5
   929 | D:1      | Reached skill level 5 in Necromancy
   933 | D:1      | Reached XP level 3. HP: 24/24 MP: 6/6
  1014 | D:1      | Learned a level 3 spell: Vampiric Draining
  1480 | D:2      | Reached skill level 4 in Stealth
  1508 | D:2      | Reached skill level 3 in Dodging
  1508 | D:2      | Reached XP level 4. HP: 24/30 MP: 1/7
  1511 | D:2      | HP: 7/30 [worm (7)]
  1517 | D:2      | HP: 4/30 [quokka (4)]
  1518 | D:2      | Reached skill level 1 in Short Blades
  1542 | D:2      | HP: 5/30 [goblin (4)]
  2226 | D:3      | Reached XP level 5. HP: 24/35 MP: 6/8
  3104 | D:4      | Reached skill level 5 in Stealth
  3104 | D:4      | Reached skill level 6 in Necromancy
  3208 | D:4      | Got a crude buckler
  3214 | D:4      | Identified the cursed +0 buckler of Buratz {MR+ Int+7} (You
                  | found it on level 4 of the Dungeon)
  3595 | D:4      | Found a hide-covered altar of Uskayaw.
  3626 | D:4      | Reached skill level 2 in Short Blades
  3684 | D:4      | Reached XP level 6. HP: 37/41 MP: 9/9
  3690 | D:4      | Learned a level 4 spell: Animate Dead
  4020 | D:5      | Entered Level 5 of the Dungeon
  4028 | D:5      | Reached skill level 1 in Shields
  4131 | D:5      | Reached skill level 3 in Short Blades
  4131 | D:5      | Reached skill level 6 in Stealth
  4131 | D:5      | Reached XP level 7. HP: 43/46 MP: 6/10
  4194 | D:5      | Reached skill level 2 in Shields
  4307 | D:5      | Reached skill level 7 in Stealth
  4307 | D:5      | Reached skill level 3 in Spellcasting
  4361 | D:5      | Reached skill level 3 in Shields
  4362 | D:5      | Found a sand-covered staircase.
  4459 | Ossuary  | Entered an ossuary
  4464 | Ossuary  | Learned a level 3 spell: Regeneration
  4508 | Ossuary  | Reached XP level 8. HP: 52/52 MP: 8/13
  4537 | Ossuary  | Reached skill level 4 in Spellcasting
  5010 | D:5      | Reached skill level 1 in Fighting
  5072 | D:5      | Found a staircase to the Ecumenical Temple.
  5084 | Temple   | Entered the Ecumenical Temple
  5232 | Temple   | Became a worshipper of Kikubaaqudgha
  5284 | D:5      | Reached skill level 1 in Charms
  5423 | D:5      | Reached skill level 8 in Stealth
  5762 | D:6      | Reached skill level 2 in Fighting
  5840 | D:6      | Reached skill level 2 in Charms
  5869 | D:6      | Reached skill level 3 in Fighting
  5877 | D:6      | HP: 14/58 [bullfrog skeleton (2)]
  5878 | D:6      | Reached skill level 4 in Shields
  5889 | D:6      | Reached * piety under Kikubaaqudgha
  5889 | D:6      | Identified Kikubaaqudgha's Tome of Evil Arts (Kikubaaqudgha
                  | gifted it to you on level 6 of the Dungeon)
  5889 | D:6      | Received a gift from Kikubaaqudgha
  5894 | D:6      | Learned a level 2 spell: Sublimation of Blood
  6182 | D:6      | Reached skill level 9 in Stealth
  6195 | D:6      | Reached skill level 3 in Charms
  6403 | D:7      | Reached skill level 4 in Fighting
  6403 | D:7      | Reached XP level 9. HP: 65/65 MP: 15/15
  6734 | D:7      | Found Routit's Magic Scroll Shoppe.
  6738 | D:7      | Bought a scroll of enchant weapon for 97 gold pieces
  6738 | D:7      | Bought a scroll of noise for 13 gold pieces
  6738 | D:7      | Bought a scroll of identify for 26 gold pieces
  6738 | D:7      | Bought a scroll of teleportation for 39 gold pieces
  6738 | D:7      | Bought a scroll of fog for 26 gold pieces
  6738 | D:7      | Bought a scroll of remove curse for 39 gold pieces
  6738 | D:7      | Bought a scroll of identify for 26 gold pieces
  6738 | D:7      | Bought a scroll of blinking for 97 gold pieces
  7257 | D:8      | Reached skill level 5 in Fighting
  7427 | D:8      | Reached skill level 10 in Stealth
  7439 | D:8      | Found a shadowy altar of Dithmenos.
  7446 | D:8      | Reached skill level 7 in Necromancy
  7831 | D:9      | Noticed Pikel
  7849 | D:9      | Killed Pikel
  7849 | D:9      | Reached skill level 6 in Fighting
  8243 | D:9      | Reached ** piety under Kikubaaqudgha
  8243 | D:9      | Reached skill level 11 in Stealth
  8381 | D:9      | Reached skill level 8 in Necromancy
  8381 | D:9      | Reached XP level 10. HP: 44/77 MP: 3/16
  8388 | D:9      | Reached skill level 7 in Fighting
  8405 | D:9      | HP: 17/79 [yak (14)]
  8687 | D:9      | Found a staircase to the Orcish Mines.
  8867 | D:9      | Reached *** piety under Kikubaaqudgha
  8867 | D:9      | Identified Kikubaaqudgha's Incunabulum of Dark Secrets
                  | (Kikubaaqudgha gifted it to you on level 9 of the Dungeon)
  8867 | D:9      | Received a gift from Kikubaaqudgha
  9141 | D:9      | Found a staircase to the Lair.
  9159 | D:9      | Reached skill level 12 in Stealth
  9160 | D:9      | HP: 6/64 [basilisk (16)]
  9227 | D:9      | Reached skill level 8 in Fighting
  9433 | D:9      | Reached skill level 4 in Dodging
  9598 | D:9      | Identified a scroll of acquirement
  9629 | D:9      | HP: 18/80 [electric eel/bolt of electricity (4)]
  9630 | D:9      | HP: 7/80 [electric eel/bolt of electricity (12)]
  9714 | D:9      | HP: 14/80 [electric eel/bolt of electricity (13)]
  9716 | D:9      | Killed from afar by an electric eel

Levels and vault maps discovered:
D:1:      lightli_arrival_maybe_door_vault, layout_loops_cross
D:2:      layout_basic
D:3:      layout_rooms, grunt_decor_clamped, kennysheep_flooded_box
D:4:      layout_basic, lemuel_coloured_pillars_altar
D:5:      layout_basic, minmay_temple_entry_trees,
          nicolae_ossuary_entry_catacombs, first_ration
D:6:      layout_loops_ring
D:7:      layout_basic, serial_shops, shop_scrolls
D:8:      layout_loops_ring, nicolae_dithmenos_the_darkroom
D:9:      cheibrodos_two_vegetables, layout_loops_ring, minmay_lair_entry_grove,
          zombieorc2_lemuel, uniq_pikel
Temple:   kilobyte_greek_temple

Skill      XL: |  1  2  3  4  5  6  7  8  9 10 |
---------------+-------------------------------+-----
Necromancy     | 5 6 8 |  8.9
Stealth        | 4 5 6 7 9 11 12 | 12.2
Dodging        | 3 4 |  4.2
Short Blades   | 1 2 3 |  3.0
Shields        | 1 3 4 |  4.0
Spellcasting   | 3 4 |  4.9
Fighting       | 4 6 8 |  8.0
Charms         | 3 |  3.0

Action                   |  1- 3 |  4- 6 |  7- 9 | 10-12 || total
-------------------------+-------+-------+-------+-------++-------
Melee: Unarmed           |     4 |       |       |       ||     4
       Short sword       |    45 |   141 |   533 |   277 ||   996
       Bite              |     2 |    16 |    53 |    22 ||    93
Throw: Boomerang         |       |       |     5 |       ||     5
 Cast: Pain              |    37 |    58 |    60 |    12 ||   167
       Animate Skeleton  |    13 |    27 |     4 |       ||    44
       Vampiric Draining |       |     2 |    11 |    33 ||    46
       Regeneration      |       |       |    25 |    31 ||    56
       Animate Dead      |       |       |    14 |     7 ||    21
       Sublimation of Bl |       |       |    17 |    20 ||    37
Invok: Receive Corpses   |       |       |       |     1 ||     1
 Abil: Exsanguinate      |       |       |       |     2 ||     2
       Revivify          |       |       |       |     2 ||     2
  Use: Potion            |       |     1 |     1 |       ||     2
       Scroll            |       |       |       |    15 ||    15
 Stab: Sleeping          |     5 |     7 |    23 |     1 ||    36
       Distracted        |       |       |     4 |     1 ||     5
Armor: Robe              |    10 |    22 |   101 |    62 ||   195
Dodge: Dodged            |    36 |   121 |   269 |   201 ||   627
Block: Buckler           |       |    14 |   100 |    55 ||   169

Table legend:
 A = Non-vault XP
 B = Vault XP
 C = Vault XP percentage of total XP
 D = Non-vault monster count
 E = Vault monster count
 F = Vault count percentage of total count
                 A         B        C        D         E       F
            +---------+---------+-------+---------+---------+-------
      Total |    5002 |    3983 |  44.3 |     189 |      70 |  27.0
            +---------+---------+-------+---------+---------+-------
        D:1 |      53 |       0 |   0.0 |      26 |       0 |   0.0
        D:2 |     134 |       0 |   0.0 |      27 |       0 |   0.0
        D:3 |      86 |       0 |   0.0 |      37 |       0 |   0.0
        D:4 |     112 |       0 |   0.0 |      15 |       0 |   0.0
        D:5 |     806 |     396 |  32.9 |      14 |       6 |  30.0
        D:6 |    1016 |       0 |   0.0 |      28 |       0 |   0.0
        D:7 |     378 |       0 |   0.0 |       5 |       0 |   0.0
        D:8 |     505 |     183 |  26.6 |      12 |       1 |   7.7
        D:9 |    1912 |    3262 |  63.0 |      25 |      50 |  66.7
    Ossuary |       0 |     142 | 100.0 |       0 |      13 | 100.0
            +---------+---------+-------+---------+---------+-------

Levels and vault maps discovered:
D:1:      lightli_arrival_maybe_door_vault, layout_loops_cross
D:2:      layout_basic
D:3:      layout_rooms, grunt_decor_clamped, kennysheep_flooded_box
D:4:      layout_basic, lemuel_coloured_pillars_altar
D:5:      layout_basic, minmay_temple_entry_trees,
          nicolae_ossuary_entry_catacombs, first_ration
D:6:      layout_loops_ring
D:7:      layout_basic, serial_shops, shop_scrolls
D:8:      layout_loops_ring, nicolae_dithmenos_the_darkroom
D:9:      cheibrodos_two_vegetables, layout_loops_ring, minmay_lair_entry_grove,
          zombieorc2_lemuel, uniq_pikel
Temple:   kilobyte_greek_temple

Table legend:
 A = Turns spent in this place as a percentage of turns spent in the entire game.
 B = Non-inter-level travel turns spent in this place as a percentage of non-inter-level travel turns spent in the entire game.
 C = Inter-level travel turns spent in this place as a percentage of turns spent in this place.
 D = Turns resting spent in this place as a percentage of non-inter-level travel turns spent in this place.
 E = Turns spent auto-exploring this place as a percentage of non-inter-level travel turns spent in this place.
 F = Non-inter-level travel turns spent in this place divided by the number of levels of this place that you've seen.
                   A       B       C       D       E      F
               +-------+-------+-------+-------+-------+----------------------
         Total | 100.0 | 100.0 |   4.7 |  21.2 |  45.7 | 841.8
       Dungeon |  93.8 |  93.9 |   4.6 |  21.3 |  46.6 | 966.3
        Temple |   2.0 |   1.6 |  20.5 |   0.0 |  63.6 | 151.0
       Ossuary |   4.2 |   4.4 |   0.0 |  26.7 |  20.1 | 412.0
               +-------+-------+-------+-------+-------+----------------------

Table legend:
 A = Kills in this place as a percentage of kills in entire the game.
 B = Kills by you in this place as a percentage of kills by you in the entire game.
 C = Kills by friends in this place as a percentage of kills by friends in the entire game.
 D = Other kills in this place as a percentage of other kills in the entire game.
 E = Experience gained in this place as a percentage of experience gained in the entire game.
 F = Experience gained in this place divided by the number of levels of this place that you have seen.
                   A       B       C       D       E      F
               +-------+-------+-------+-------+-------+----------------------
         Total | 100.0 | 100.0 | 100.0 |   N/A | 100.0 | 816.8
       Dungeon |  95.0 |  94.2 | 100.0 |   N/A |  98.4 | 982.6
       Ossuary |   5.0 |   5.8 |   0.0 |   N/A |   1.6 | 142.0
               +-------+-------+-------+-------+-------+----------------------
